AMHS
FREEPORT SENIOR HS PRETZELS @ HARBORFIELDS HS TORNADOS
04/11/1972
 
TOP OF THE 1ST
Freeport Senior HS Pretzels batting - Pitching for Harborfields HS Tornados : RHP Dave Becker
Pitching: RHP Dave Becker
Batting: SHB Evan Moseley 0-0: Ground out 5-3 (Groundball, 56S)
Batting: LHB Josiah Harris 0-0: Ball
1-0: Ground out 1-3 (Groundball, 13S)
Batting: RHB Harry Adams 0-0: Ball
1-0: Ball
2-0: Foul Ball, location: 2F
2-1: Ball
3-1: Base on Balls
Batting: LHB Mike Justice 0-0: Ball
1-0: Called Strike
1-1: Ground out 5-3 (Groundball, 25)
Top of the 1st over - 0 runs, 0 hits, 0 errors, 1 left on base; Freeport Senior HS 0 - Harborfields HS 0
BOTTOM OF THE 1ST
Harborfields HS Tornados batting - Pitching for Freeport Senior HS Pretzels : RHP Mike Holt
Pitching: RHP Mike Holt
Batting: LHB Bill Walker 0-0: Foul Ball, location: 2F
0-1: Fly out, F8 (Flyball, 8RD)
Batting: RHB Lee Harris 0-0: Ground out 1-3 (Groundball, 13)
Batting: LHB Mike Crenshaw 0-0: Ball
1-0: Ball
2-0: Ball
3-0: Base on Balls
Batting: RHB Eric Paul 0-0: Ball
1-0: Swinging Strike
1-1: Ball
2-1: Swinging Strike
2-2: Foul Ball, location: 2F
2-2: Foul Ball, location: 2F
2-2: Ball
3-2: Base on Balls
Mike Crenshaw to second
Batting: LHB Sean Kampert 0-0: Swinging Strike
0-1: Ground out U3 (Groundball, 3)
Bottom of the 1st over - 0 runs, 0 hits, 0 errors, 2 left on base; Freeport Senior HS 0 - Harborfields HS 0
TOP OF THE 2ND
Freeport Senior HS Pretzels batting - Pitching for Harborfields HS Tornados : RHP Dave Becker
Batting: RHB Nick Terry 0-0: Ball
1-0: Foul Ball, location: 2F
1-1: Foul Ball, location: 2F
1-2: Strikes out swinging
Batting: RHB Dan Callejas 0-0: SINGLE (Groundball, 4MD)
Batting: RHB Adan Hamer 0-0: Ball
1-0: Ball
2-0: Fielders Choice at 2nd, 6-4 (Groundball, 6M)
Batting: RHB Chris Cooper 0-0: Ball
1-0: Ball
2-0: Fielders Choice at 2nd, 5-4 (Groundball, 56)
Top of the 2nd over - 0 runs, 1 hit, 0 errors, 1 left on base; Freeport Senior HS 0 - Harborfields HS 0
BOTTOM OF THE 2ND
Harborfields HS Tornados batting - Pitching for Freeport Senior HS Pretzels : RHP Mike Holt
Batting: RHB Tyler Rabun 0-0: Ball
1-0: Swinging Strike
1-1: Ball
2-1: Ball
3-1: Base on Balls
Batting: RHB Tyler Humpal 0-0: Called Strike
Tyler Rabun steals 2nd base
0-1: Foul Ball, location: 2F
0-2: Ball
1-2: Ball
2-2: Strikes out swinging
Batting: RHB Joe Curtis 0-0: Foul Ball, location: 2F
0-1: Called Strike
0-2: SINGLE (Groundball, 4) (infield hit)
Tyler Rabun to third
Batting: RHB Nate Kolp 0-0: Ball
1-0: Ball
2-0: Fly out, F3 (Popup, 3SF)
Batting: LHB Bill Walker 0-0: Ball
1-0: Foul Ball, location: 2F
1-1: Ball
2-1: Fielders Choice at 2nd, 5-4 (Groundball, 56)
Bottom of the 2nd over - 0 runs, 1 hit, 0 errors, 2 left on base; Freeport Senior HS 0 - Harborfields HS 0
TOP OF THE 3RD
Freeport Senior HS Pretzels batting - Pitching for Harborfields HS Tornados : RHP Dave Becker
Batting: RHB Brian DeWald 0-0: Ball
1-0: Called Strike
1-1: Ball
2-1: Ball
3-1: Ground out 6-3 (Groundball, 56)
Batting: SHB Evan Moseley 0-0: Ball
1-0: Called Strike
1-1: Swinging Strike
1-2: Foul Ball, location: 2F
1-2: Ball
2-2: Ball
3-2: Foul Ball, location: 2F
3-2: Foul Ball, location: 2F
3-2: Ground out 3-1 (Groundball, 34)
Batting: LHB Josiah Harris 0-0: SINGLE (Line Drive, 4MD)
Batting: RHB Harry Adams 0-0: Ball
1-0: Ball
2-0: DOUBLE (Line Drive, 8RXD)
Josiah Harris to third
Batting: LHB Mike Justice 0-0: Called Strike
0-1: Called Strike
0-2: Strikes out swinging
Top of the 3rd over - 0 runs, 2 hits, 0 errors, 2 left on base; Freeport Senior HS 0 - Harborfields HS 0
BOTTOM OF THE 3RD
Harborfields HS Tornados batting - Pitching for Freeport Senior HS Pretzels : RHP Mike Holt
Batting: RHB Lee Harris 0-0: Ball
1-0: Ball
2-0: Called Strike
2-1: SINGLE (Line Drive, 56D)
Batting: LHB Mike Crenshaw 0-0: Called Strike
0-1: Foul Ball, location: 2F
0-2: Ball
1-2: Ball
2-2: Ball
3-2: Base on Balls
Lee Harris to second
Batting: RHB Eric Paul 0-0: SINGLE (Groundball, 6) (infield hit)
Lee Harris to third
Mike Crenshaw to second
Batting: LHB Sean Kampert 0-0: Ball
1-0: Called Strike
1-1: SINGLE (Groundball, 6D)
Lee Harris scores
Mike Crenshaw to third
Eric Paul to second
Batting: RHB Tyler Rabun 0-0: Ball
1-0: Grounds into double play, 6-4-3 (Groundball, 6)
Mike Crenshaw scores
Eric Paul to third
Batting: RHB Tyler Humpal 0-0: Foul Ball, location: 2F
0-1: SINGLE (Groundball, 6MD)
Eric Paul scores
Batting: RHB Joe Curtis 0-0: Called Strike
0-1: Ball
1-1: Foul Ball, location: 2F
1-2: Ball
2-2: Foul Ball, location: 2F
2-2: Ground out 3-1 (Groundball, 34)
Bottom of the 3rd over - 3 runs, 4 hits, 0 errors, 1 left on base; Freeport Senior HS 0 - Harborfields HS 3
TOP OF THE 4TH
Freeport Senior HS Pretzels batting - Pitching for Harborfields HS Tornados : RHP Dave Becker
Batting: RHB Nick Terry 0-0: Called Strike
0-1: Called Strike
0-2: Ground out 6-3 (Groundball, 6)
Batting: RHB Dan Callejas 0-0: Ball
1-0: Called Strike
1-1: Called Strike
1-2: Ball
2-2: SINGLE (Groundball, 34S) (infield hit)
Batting: RHB Adan Hamer 0-0: Called Strike
0-1: Swinging Strike
0-2: Ball
1-2: Strikes out swinging
Batting: RHB Chris Cooper 0-0: Foul Ball, location: 2F
0-1: Ball
1-1: Ground out 5-3 (Groundball, 56)
Top of the 4th over - 0 runs, 1 hit, 0 errors, 1 left on base; Freeport Senior HS 0 - Harborfields HS 3
BOTTOM OF THE 4TH
Harborfields HS Tornados batting - Pitching for Freeport Senior HS Pretzels : RHP Mike Holt
Batting: RHB Nate Kolp 0-0: Foul Ball, location: 2F
0-1: Fly out, F8 (Flyball, 8RM)
Batting: LHB Bill Walker 0-0: Foul Ball, location: 2F
0-1: Ball
1-1: Foul Ball, location: 2F
1-2: Ground out 6-3 (Groundball, 6)
Batting: RHB Lee Harris 0-0: Called Strike
0-1: Ball
1-1: Foul Ball, location: 2F
1-2: Ground out 5-3 (Groundball, 25)
Bottom of the 4th over - 0 runs, 0 hits, 0 errors, 0 left on base; Freeport Senior HS 0 - Harborfields HS 3
TOP OF THE 5TH
Freeport Senior HS Pretzels batting - Pitching for Harborfields HS Tornados : RHP Dave Becker
Batting: RHB Brian DeWald 0-0: Ground out 6-3 (Groundball, 6)
Batting: SHB Evan Moseley 0-0: Ball
1-0: Foul Ball, location: 2F
1-1: Foul Ball, location: 2F
1-2: Ground out U3 (Groundball, 34)
Batting: LHB Josiah Harris 0-0: Fly out, F9 (Flyball, 89D)
Top of the 5th over - 0 runs, 0 hits, 0 errors, 0 left on base; Freeport Senior HS 0 - Harborfields HS 3
BOTTOM OF THE 5TH
Harborfields HS Tornados batting - Pitching for Freeport Senior HS Pretzels : RHP Mike Holt
Batting: LHB Mike Crenshaw 0-0: Ball
1-0: Ground out 6-3 (Groundball, 6)
Batting: RHB Eric Paul 0-0: Ball
1-0: Fly out, F7 (Flyball, 78S)
Batting: LHB Sean Kampert 0-0: Ball
1-0: Called Strike
1-1: Fly out, F9 (Flyball, 89M)
Bottom of the 5th over - 0 runs, 0 hits, 0 errors, 0 left on base; Freeport Senior HS 0 - Harborfields HS 3
TOP OF THE 6TH
Freeport Senior HS Pretzels batting - Pitching for Harborfields HS Tornados : RHP Dave Becker
Batting: RHB Harry Adams 0-0: Foul Ball, location: 2F
0-1: Ball
1-1: Ball
2-1: DOUBLE (Groundball, 5L)
Batting: LHB Mike Justice 0-0: Ball
1-0: Fly out, F7 (Flyball, 78S)
Batting: RHB Nick Terry 0-0: Ball
1-0: Called Strike
1-1: Foul Ball, location: 2F
1-2: Ball
2-2: Ground out 6-3 (Groundball, 56)
Batting: RHB Dan Callejas 0-0: Hit by Pitch
Batting: RHB Adan Hamer 0-0: Ground out U3 (Groundball, 3L)
Top of the 6th over - 0 runs, 1 hit, 0 errors, 2 left on base; Freeport Senior HS 0 - Harborfields HS 3
BOTTOM OF THE 6TH
Harborfields HS Tornados batting - Pitching for Freeport Senior HS Pretzels : RHP Mike Holt
Batting: RHB Tyler Rabun 0-0: Called Strike
0-1: Ball
1-1: Ball
2-1: Fly out, F8 (Flyball, 89D)
Pitching: RHP Max Gallardo
Batting: RHB Tyler Humpal 0-0: Ball
1-0: Called Strike
1-1: Foul Ball, location: 2F
1-2: Strikes out swinging
Batting: RHB Joe Curtis 0-0: Called Strike
0-1: Ball
1-1: Ball
2-1: Ball
3-1: Swinging Strike
3-2: Foul Ball, location: 2F
3-2: Base on Balls
Batting: RHB Nate Kolp 0-0: Called Strike
0-1: Ball
1-1: Foul Ball, location: 2F
1-2: Ball
2-2: Ball
3-2: Foul Ball, location: 2F
3-2: Ground out 1-3 (Groundball, P)
Bottom of the 6th over - 0 runs, 0 hits, 0 errors, 1 left on base; Freeport Senior HS 0 - Harborfields HS 3
TOP OF THE 7TH
Freeport Senior HS Pretzels batting - Pitching for Harborfields HS Tornados : RHP Dave Becker
Batting: RHB Chris Cooper 0-0: Called Strike
0-1: Ball
1-1: Ball
2-1: Ball
3-1: Foul Ball, location: 2F
3-2: Strikes out swinging, 2-3 out at first.
Pitching: RHP Danny Shephard
Batting: RHB Brian DeWald 0-0: Ball
1-0: DOUBLE (Line Drive, 78D)
Batting: SHB Evan Moseley 0-0: Ball
1-0: Called Strike
1-1: Called Strike
1-2: Foul Ball, location: 2F
1-2: SINGLE (Groundball, 34S) (infield hit)
Brian DeWald to third
Batting: LHB Josiah Harris 0-0: Fly out, F8 (Flyball, 8RD)
Runner from 3rd tags up, SCORES, throw made
Batting: RHB Harry Adams 0-0: Ball
1-0: Ball
2-0: Called Strike
2-1: Reached on error, E9 (Line Drive, 9)
Evan Moseley to third
Batting: LHB Mike Justice 0-0: Called Strike
0-1: Ground out U3 (Groundball, 3S)
Top of the 7th over - 1 run, 2 hits, 1 error, 2 left on base; Freeport Senior HS 1 - Harborfields HS 3
BOTTOM OF THE 7TH
Harborfields HS Tornados batting - Pitching for Freeport Senior HS Pretzels : RHP Max Gallardo
Batting: LHB Bill Walker 0-0: Called Strike
0-1: Foul Ball, location: 2F
0-2: Ball
1-2: Ground out 4-3 (Groundball, 4)
Batting: RHB Lee Harris 0-0: Ball
1-0: Called Strike
1-1: Called Strike
1-2: Strikes out swinging
Batting: LHB Mike Crenshaw 0-0: Ball
1-0: Ball
2-0: Foul Ball, location: 2F
2-1: Foul Ball, location: 2F
2-2: SINGLE (Groundball, 23) (infield hit)
Batting: RHB Eric Paul 0-0: Ball
Mike Crenshaw is caught stealing 2nd base
Bottom of the 7th over - 0 runs, 1 hit, 0 errors, 0 left on base; Freeport Senior HS 1 - Harborfields HS 3
TOP OF THE 8TH
Freeport Senior HS Pretzels batting - Pitching for Harborfields HS Tornados : RHP Danny Shephard
Pitching: LHP Hironobu Fujioka
Now at 2B: Eric Moriarity
Batting: RHB Nick Terry 0-0: Ball
1-0: Foul Ball, location: 2F
1-1: Ball
2-1: Reached on error, E5 (Groundball, 56)
Batting: RHB Dan Callejas 0-0: Ball
1-0: Ball
2-0: SINGLE (Groundball, 34S) (infield hit)
Nick Terry to second
Batting: RHB Adan Hamer 0-0: Swinging Strike
0-1: Ball
1-1: Ball
2-1: Ball
3-1: Base on Balls
Nick Terry to third
Dan Callejas to second
Batting: RHB Chris Cooper 0-0: Swinging Strike
0-1: Fly out, F8 (Flyball, 8LM)
Runner from 3rd tags up, OUT at HOME
Dan Callejas to third
Adan Hamer to second
Batting: RHB Brian DeWald 0-0: Swinging Strike
0-1: Called Strike
0-2: Ground out 5-3 (Groundball, 5L)
Top of the 8th over - 0 runs, 1 hit, 1 error, 2 left on base; Freeport Senior HS 1 - Harborfields HS 3
BOTTOM OF THE 8TH
Harborfields HS Tornados batting - Pitching for Freeport Senior HS Pretzels : RHP Max Gallardo
Batting: RHB Eric Paul 0-0: Ball
1-0: Ground out 5-3 (Groundball, 56S)
Batting: LHB Sean Kampert 0-0: Fly out, F7 (Flyball, 7LSF)
Batting: RHB Tyler Rabun 0-0: Ball
1-0: Ball
2-0: Foul Ball, location: 2F
2-1: Called Strike
2-2: Strikes out looking
Bottom of the 8th over - 0 runs, 0 hits, 0 errors, 0 left on base; Freeport Senior HS 1 - Harborfields HS 3
TOP OF THE 9TH
Freeport Senior HS Pretzels batting - Pitching for Harborfields HS Tornados : LHP Hironobu Fujioka
Batting: SHB Evan Moseley 0-0: Foul Ball, location: 2F
0-1: Called Strike
0-2: Foul Ball, location: 2F
0-2: Ball
1-2: Ball
2-2: Ball
3-2: Foul Ball, location: 2F
3-2: Foul Ball, location: 2F
3-2: Base on Balls
Pinch Hitting: RHB Joe Moore 0-0: Foul Ball, location: 2F
0-1: Ball
1-1: Ball
2-1: Ball
3-1: Fly out, F3 (Popup, 3F)
Batting: RHB Harry Adams 0-0: Called Strike
0-1: Foul Ball, location: 2F
0-2: Ball
1-2: Strikes out swinging
Pinch Hitting: RHB Peter Brower 0-0: Swinging Strike
0-1: Ball
1-1: Called Strike
1-2: SINGLE (Groundball, 34D)
Evan Moseley to second
Batting: RHB Nick Terry 0-0: Fly out, F3 (Popup, 34S)
Top of the 9th over - 0 runs, 1 hit, 0 errors, 2 left on base; Freeport Senior HS 1 - Harborfields HS 3
Tuesday, November 7th, 2017 - OOTP Baseball 18.8 Build 76